 Dungeon Crawl Stone Soup version 0.25-a0-458-g6fc7858b95 (webtiles) character file.

Game seed: 8662892638662620217, levelgen mode: deterministic

1880 Nattfarinn the Covert (level 9, -2/48 HPs)
             Began as a Gargoyle Assassin on Feb 2, 2020.
             Was a Priest of Uskayaw.
             Killed by divine providence
             ... invoked by an orc priest
              (12 damage)
             ... on level 7 of the Dungeon.
             The game lasted 00:11:37 (6174 turns).

Nattfarinn the Covert (Gargoyle Assassin)           Turns: 6174, Time: 00:11:38

Health: -2/48      AC: 12    Str: 15    XL:     9   Next: 14%
Magic:  0/10       EV: 11    Int: 14    God:    Uskayaw [***...]
Gold:   366        SH:  0    Dex: 14    Spells: 8/8 levels left

rFire    + . .     SeeInvis .   a - +2 dagger
rCold    x . .     Gourm    .   (no shield)
rNeg     + . .     Faith    .   k - +0 troll leather armour {Purgy}
rPois    ∞         Spirit   +   (no helmet)
rElec    +         Reflect  .   v - scarf {Spirit}
rCorr    .         Harm     .   (no gloves)
MR       .....                  r - +0 pair of boots
Stlth    ++++......             (no amulet)
HPRegen  0.56/turn              t - ring of fire
MPRegen  0.12/turn              (no ring)

@: no status effects
A: clever 1, negative energy resistance 1, sense surroundings 1, electricity
resistance, unbreathing, petrification resistance, rot immunity, AC +6
a: Stomp, Line Pass, Renounce Religion


You were on level 7 of the Dungeon.
You worshipped Uskayaw.
Uskayaw was noncommittal.
You were not hungry.

You visited 2 branches of the dungeon, and saw 8 of its levels.
You also visited: Sewer.

You collected 366 gold pieces.

Inventory:

Hand Weapons
 a - a +2 dagger (weapon)
Missiles
 d - 93 poisoned darts (quivered)
 e - 2 curare-tipped darts
Armour
 b - a +0 robe
 c - a +0 cloak
 i - a +0 leather armour
 k - a +0 troll leather armour (worn) {Purgy}
 r - a +0 pair of boots (worn)
 v - a scarf of spirit shield (worn)
Jewellery
 p - an uncursed ring of ice
 t - a ring of fire (left hand)
Wands
 q - a wand of paralysis (11)
Scrolls
 g - 6 scrolls of teleportation {unknown}
 h - 2 scrolls of amnesia {unknown}
 j - a scroll of enchant armour {unknown}
 l - 3 scrolls of blinking {unknown}
 m - 5 scrolls of identify {unknown}
 o - 5 scrolls of remove curse
 y - a scroll of noise {unknown}
 A - a scroll of silence {unknown}
Potions
 n - 3 potions of mutation
 s - a potion of agility
 C - a potion of curing
Comestibles
 f - 16 rations
 z - 7 chunks of flesh


   Skills:
 - Level 2.1 Fighting
 * Level 5.3 Short Blades
 - Level 1.7 Throwing
 - Level 6.0 Armour
 - Level 0.7 Dodging
 - Level 10.6 Stealth
 + Level 1.3 Invocations


You had 8 spell levels left.
You didn't know any spells.
Your spell library contained the following spells:

 Spells                   Type           Power        Failure   Level  Hunger
 Summon Small Mammal      Summ           #...         34%         1    ##.....
 Call Imp                 Summ           #.......     45%         2    ###....
 Call Canine Familiar     Summ           #.......     71%         3    ####...
 Summon Guardian Golem    Hex/Summ       #.......     71%         3    ####...
 Summon Ice Beast         Ice/Summ       #.......     98%         4    #####..
 Summon Lightning Spire   Summ/Air       #.......     98%         4    #####..


Dungeon Overview and Level Annotations

Branches:
Dungeon (7/15)             Temple (1/1) D:4           Sewer (visited)

Altars:
Ashenzari
Cheibriados
Dithmenos
Elyvilon
Fedhas
Gozag
Hepliaklqana
Kikubaaqudgha
Makhleb
Ru
Sif Muna
Trog
Uskayaw
Vehumet
Wu Jian
Xom
Yredelemnul
Zin
The Shining One

Shops:
D:4 %

Annotations:
D:7 1 runed translucent door, paps's ghost, novice DsGl


Innate Abilities, Weirdness & Mutations

You are resistant to torment.
Your stone body is resilient. (AC +6)
You are immune to poison.
You resist negative energy. (rN+)
You are resistant to electric shocks. (rElec)
You can survive without breathing.
You are immune to petrification.
You are immune to rotting.
Your mind is acute. (Int +2)
You passively map a small area around you.


Message History

You hit the centaur.
The centaur is moderately wounded.
The centaur unwields a +0 shortbow.
The centaur hits you.
* * * LOW HITPOINT WARNING * * *
You hit the centaur.
The centaur is moderately wounded.
The centaur closely misses you.
The orc priest invokes the aid of Beogh against you.
Beogh smites you!
* * * LOW HITPOINT WARNING * * *
Unknown command.
It was a potion of curing.
You feel better. The centaur closely misses you. The centaur barely misses you.
You hit the centaur.
The centaur is moderately wounded.
The centaur hits you.
* * * LOW HITPOINT WARNING * * *
The orc priest mumbles some strange prayers to Beogh against you.
Beogh smites you!
You die...

#.# #.# #.# ### #"#
######### ..# #)# ##..o. *
#.# #.# ##### * #...c.. #.#
#.# #..> , , .....H. #.#
#.###.## * ##.......
#.###.##...### #...≈....,
#...)........######Ho$≈.?..
,
######.#...#....@coo≈≈≈≈≈?.
#.##.##..#####..?≈.?Z.
######.##.##..# #...≈....
..........##..# ##....... *
######....##..######.......
, ####.##.......##......,
#.##...########..(.
#...###.....# #### , ##.##
##.##.# , , , ,


You could see a manticore, a centaur, 2 orc priests and an orc.

Vanquished Creatures
  Purgy (Sewer)
  An ogre (D:5)
  2 black bears
  2 centaurs
  4 bullfrogs
  A scorpion (D:4)
  5 killer bees (D:7)
  3 wights (D:7)
  2 crimson imps (D:5)
  2 bullfrog zombies
  3 hounds
  A jelly (D:6)
  2 orc priests
  An orc wizard (D:6)
  An iguana (D:7)
  5 worker ants
  2 hound zombies (D:5)
  A howler monkey zombie (D:5)
  A howler monkey skeleton (D:7)
  A gnoll (D:5)
  5 adders
  A shadow imp (D:6)
  An ooze (D:3)
  An adder skeleton (D:5)
  6 worms
  3 dart slugs (D:2)
  4 leopard geckos
  15 orcs
  A ball python (D:5)
  7 bats
  10 giant cockroaches
  3 goblins
  3 hobgoblins
  6 jackals
  4 quokkas
  7 frilled lizards
  A jackal zombie (D:5)
  11 kobolds
  A leopard gecko skeleton (D:5)
  7 rats
138 creatures vanquished.

Notes
Turn   | Place    | Note
-------+----------+-------------------------------------------
     0 | D:1      | Nattfarinn the Gargoyle Assassin began the quest for the
                  | Orb.
     0 | D:1      | Reached XP level 1. HP: 12/12 MP: 1/1
   308 | D:1      | Reached XP level 2. HP: 17/17 MP: 2/2
   349 | D:1      | Reached skill level 1 in Armour
   524 | D:1      | Reached skill level 5 in Stealth
   800 | D:2      | Found an ancient bone altar of Kikubaaqudgha.
   896 | D:2      | Reached XP level 3. HP: 19/21 MP: 3/3
  1483 | D:3      | Reached XP level 4. HP: 18/26 MP: 4/4
  1657 | D:3      | Noticed a moth of wrath
  1792 | D:3      | Reached skill level 6 in Stealth
  1906 | D:3      | Found a glowing drain.
  1910 | Sewer    | Entered a sewer
  2204 | Sewer    | Noticed Purgy
  2219 | Sewer    | Gained mutation: You passively map a small area around you.
                  | [potion of mutation]
  2219 | Sewer    | Gained mutation: Your mind is acute. (Int +2) [potion of
                  | mutation]
  2226 | Sewer    | HP: 1/26 [Purgy (1)]
  2227 | Sewer    | Killed Purgy
  2227 | Sewer    | Reached skill level 7 in Stealth
  2227 | Sewer    | Reached XP level 5. HP: 1/30 MP: 5/5
  2542 | D:3      | Found a bloodstained altar of Trog.
  2769 | D:4      | Reached XP level 6. HP: 28/35 MP: 6/6
  2912 | D:4      | Found a staircase to the Ecumenical Temple.
  2921 | Temple   | Entered the Ecumenical Temple
  3248 | D:4      | Found Boim Gust's Food Shop.
  3398 | D:5      | Entered Level 5 of the Dungeon
  3517 | D:5      | Reached skill level 8 in Stealth
  3768 | D:5      | Found a bloodstained altar of Trog.
  3805 | D:5      | Reached XP level 7. HP: 40/40 MP: 5/7
  4080 | D:5      | Reached skill level 9 in Stealth
  4631 | D:6      | Reached skill level 5 in Armour
  4631 | D:6      | Reached XP level 8. HP: 44/44 MP: 8/8
  5521 | D:7      | Reached skill level 10 in Stealth
  5537 | D:7      | Found a runed translucent door.
  5537 | D:7      | Noticed paps's ghost (novice DsGl)
  5835 | D:7      | HP: 2/44 [killer bee (5)]
  5952 | D:7      | Reached XP level 9. HP: 48/48 MP: 9/9
  5983 | D:7      | Found a hide-covered altar of Uskayaw.
  5990 | D:7      | Became a worshipper of Uskayaw the Reveler
  6122 | D:7      | Reached * piety under Uskayaw
  6135 | D:7      | Reached ** piety under Uskayaw
  6140 | D:7      | Reached skill level 5 in Short Blades
  6140 | D:7      | Reached *** piety under Uskayaw
  6152 | D:7      | Noticed a manticore
  6170 | D:7      | Reached skill level 1 in Invocations
  6174 | D:7      | Killed from afar by an orc priest

Levels and vault maps discovered:
D:1:      matt_arrival_grand_opening, layout_loops_corners,
          minmay_misc_feat_doors
D:2:      layout_rooms, kiku_gazebo_garden_becter,
          nicolae_overflow_hidden_temple
D:3:      layout_rooms, gup_sewer_entry_spiral, serial_glass, glass_columns_a,
          glass_columns_a, glass_columns_c, glass_columns_b, glass_columns_a,
          serial_bayou_ford_a, serial_bayou_pond_a, hangedman_decor_push,
          tgw_trog
D:4:      layout_loops_ring, minmay_temple_entry_offerings, first_ration,
          serial_shops, shop
D:5:      layout_layer_cave, minmay_ruined_shrine
D:6:      layout_cave_pods
D:7:      layout_loops_ring, lemuel_crystal_altar,
          hellmonk_ghost_happy_afterlife, grunt_potential
Temple:   lightli_temple_of_artemis

Skill      XL: |  1  2  3  4  5  6  7  8  9 |
---------------+----------------------------+-----
Armour         | 1 2 3 4 5 6 |  6.0
Stealth        | 5 7 8 9 10 | 10.6
Short Blades   | 2 4 5 |  5.3
Invocations    | 1 |  1.3
Fighting       | |  2.1
Throwing       | |  1.7
Dodging        | |  0.7

Action                   |  1- 3 |  4- 6 |  7- 9 || total
-------------------------+-------+-------+-------++-------
Melee: Dagger            |   115 |   415 |   480 ||  1010
  Use: Potion            |       |     3 |     7 ||    10
       Scroll            |       |       |     1 ||     1
 Stab: Sleeping          |    13 |     9 |    13 ||    35
       Paralysed         |       |       |     1 ||     1
  Eat: Chunk             |     2 |     8 |     8 ||    18
Armor: Leather armour    |    32 |    42 |       ||    74
       Troll leather arm |       |   132 |   239 ||   371
Dodge: Dodged            |    48 |   224 |   283 ||   555

Table legend:
 A = Non-vault XP
 B = Vault XP
 C = Vault XP percentage of total XP
 D = Non-vault monster count
 E = Vault monster count
 F = Vault count percentage of total count
                 A         B        C        D         E       F
            +---------+---------+-------+---------+---------+-------
      Total |    2206 |     480 |  17.9 |     111 |      27 |  19.6
            +---------+---------+-------+---------+---------+-------
        D:1 |      23 |       0 |   0.0 |      16 |       0 |   0.0
        D:2 |      45 |       0 |   0.0 |      19 |       0 |   0.0
        D:3 |      38 |      42 |  52.5 |      12 |      13 |  52.0
        D:4 |     115 |       0 |   0.0 |       4 |       0 |   0.0
        D:5 |     598 |      43 |   6.7 |      25 |       5 |  16.7
        D:6 |     607 |       0 |   0.0 |      18 |       0 |   0.0
        D:7 |     780 |     228 |  22.6 |      17 |       3 |  15.0
      Sewer |       0 |     167 | 100.0 |       0 |       6 | 100.0
            +---------+---------+-------+---------+---------+-------
